 Dungeon Crawl Stone Soup version 0.30-a0-159-g068b764562 (webtiles) character file.

Game seed: 4046387063773585881

12053 ragingrage the Grappler (level 11, -9/122 HPs)
             Began as a Troll Fighter on Sept 27, 2022.
             Was a Priest of Sif Muna.
             Mangled by a very large slime creature (45 damage)
             ... on level 12 of the Dungeon on Sept 28, 2022.
             The game lasted 00:11:52 (10444 turns).

ragingrage the Grappler (Troll Fighter)            Turns: 10444, Time: 00:11:52

Health: -9/122     AC: 10    Str: 30    XL:     11   Next: 57%
Magic:  10/10      EV:  8    Int:  4    God:    Sif Muna [***...]
Gold:   589        SH:  7    Dex:  9    Spells: 10/10 levels left

rFire   + + .      SeeInvis .      - Unarmed
rCold   + . .      Faith    .    b - +0 kite shield
rNeg    . . .      Spirit   .    A - +1 swamp dragon scales
rPois   +          Reflect  .    (helmet restricted)
rElec   +          Harm     .    (no cloak)
rCorr   +          Rampage  .    (gloves unavailable)
Will    .....                    (boots unavailable)
Stlth   ..........               (no amulet)
HPRegen 1.10/turn                i - ring of protection from cold
MPRegen 0.12/turn                m - ring of fire

@: resistant
A: large, unfitting armour, claws 3, regeneration 1, shaggy fur 1, tough skin 1,
robust 1, electricity resistance
a: Renounce Religion, Channel Magic, Forget Spell


You were on level 12 of the Dungeon.
You worshipped Sif Muna.
Sif Muna was most pleased with you.
You visited 2 branches of the dungeon, and saw 15 of its levels.

You collected 769 gold pieces.
You spent 180 gold pieces at shops.

Inventory:

Hand Weapons
 t - a +2 vorpal trident
Missiles
 k - 73 stones (quivered)
 q - 6 boomerangs
 E - 4 poisoned darts
 G - 5 atropa-tipped darts
Armour
 b - a +0 kite shield (worn)
 e - the +4 robe of Augmentation {Str+4 Int+4 Dex+4}
   (You found it on level 4 of the Dungeon)

   Str:       It affects your strength (+4).
   Int:       It affects your intelligence (+4).
   Dex:       It affects your dexterity (+4).
 A - +1 swamp dragon scales (worn)
 I - +0 acid dragon scales
Jewellery
 i - a ring of protection from cold (left claw)
 m - a ring of fire (right claw)
Wands
 j - a wand of polymorph (4)
 v - a wand of flame (41)
 x - a wand of roots (4)
 y - a wand of acid (3)
 C - a wand of paralysis (11)
Scrolls
 d - 4 scrolls of noise
 l - 3 scrolls of magic mapping
 n - a scroll of amnesia
 p - a scroll of vulnerability {unknown}
 r - 4 scrolls of identify
 w - 2 scrolls of silence
 z - a scroll of enchant weapon {unknown}
 H - a scroll of fog {unknown}
Potions
 a - 3 potions of flight
 c - 4 potions of might
 f - 5 potions of degeneration
 g - 3 potions of invisibility
 h - a potion of curing
 u - 5 potions of brilliance
 B - 2 potions of mutation
 D - 3 potions of haste
 F - 2 potions of attraction


   Skills:
 + Level 8.2 Fighting
 + Level 5.4 Throwing
 - Level 2.4 Dodging
 - Level 2.6 Shields
 * Level 14.9 Unarmed Combat


You had 10 spell levels left.
You didn't know any spells.
Your spell library contained the following spells:

 Spells                   Type           Power      Damage    Failure   Level
 Apportation              Tloc           0%         N/A       90%         1
 Necrotise                Necr           0%         1d4       90%         1
 Shock                    Conj/Air       0%         1d3       90%         1
 Summon Small Mammal      Summ           0%         N/A       90%         1
 Cigotuvi's Dreadful Rot  Necr/Pois/Air  0%         N/A       97%         2
 Dazzling Flash           Conj/Hex       0%         N/A       99%         3
 Stone Arrow              Conj/Erth      0%         3d7       99%         3
 Vampiric Draining        Necr           0%         2d6       99%         3
 Airstrike                Air            0%         2d(0-16)  100%        4
 Dispel Undead            Necr           0%         3d6       100%        4
 Summon Lightning Spire   Summ/Air       0%         N/A       100%        4
 Agony                    Necr           0%         N/A       100%        5
 Freezing Cloud           Conj/Ice/Air   0%         6-21      100%        5
 Lightning Bolt           Conj/Air       0%         1d11      100%        5
 Death Channel            Necr           0%         N/A       100%        6
 Lehudib's Crystal Spear  Conj/Erth      0%         10d2      100%        8
 Chain Lightning          Conj/Air       0%         N/A       100%        9


Dungeon Overview and Level Annotations

Branches:
Dungeon (14/15)            Temple (1/1) D:6            Lair (0/5) D:9
    Orc (0/2) D:11
 Vaults: D:13-14

Altars:
Cheibriados
Dithmenos
Elyvilon
Fedhas
Gozag
Hepliaklqana
Makhleb
Nemelex Xobeh
Okawaru
Qazlal
Ru
Sif Muna
Wu Jian
Xom
Zin
The Shining One

Shops:
D:6 *

Annotations:
D:5 Sigmund
D:11 2 transporters, ryw's ghost, journeyman DsMo


Innate Abilities, Weirdness & Mutations

You are too large for most types of armour.
You have claws for hands.
Your natural rate of healing is unusually fast.
You are covered in fur. (AC +1)
You have tough skin. (AC +1)
You are robust. (+10% HP)
You are resistant to electric shocks. (rElec)


Message History

Two slime creatures merge to form a large slime creature.
You mangle the slime creature!!
You kill the slime creature!
Sif Muna accepts your kill. You block the slime creature's attack.
Two slime creatures merge to form a very large slime creature.
Okay, then.
You feel more attuned to fire.
m - a ring of fire (right claw)
The slime creature hits you.
You claw the red ugly thing!
The red ugly thing is lightly wounded.
The red ugly thing headbutts you!
You are engulfed in flames.
You resist. The slime creature hits you!
You closely miss the red ugly thing.
The red ugly thing is lightly wounded.
You mangle the red ugly thing!!
The red ugly thing is moderately wounded.
The red ugly thing headbutts you!
You are engulfed in flames.
You resist. You block the slime creature's attack.
You closely miss the red ugly thing.
The red ugly thing is moderately wounded.
The red ugly thing barely misses you. The slime creature hits you!
You mangle the red ugly thing!!
The red ugly thing is almost dead.
The red ugly thing headbutts you.
You are engulfed in flames.
You resist.
The slime creature hits you but does no damage.
You barely miss the red ugly thing.
The red ugly thing is almost dead.
The red ugly thing barely misses you. The slime creature hits you!
You mangle the red ugly thing!!
You kill the red ugly thing!
Sif Muna accepts your kill. The slime creature hits you!
* * * LOW HITPOINT WARNING * * *
As you read the scroll labelled XOCKAE VIPLYBBY, it crumbles to dust.
The creatures around you are filled with an inner flame!
It was a scroll of immolation.
You block the slime creature's attack.
The very large slime creature hits you!!!
You die...

#....#.###........##
...####.##........# #
..## #.##.......## ###.
### ##.##......# ##..# #
#..##....## ####..#.
##.###..## ####.....#.
#..##..########....##..#.
##.......J......#####....
#).....@J....### #....
#.#######...## ##?.J #.#
##...## #JJ# ##.# ##...##
#..# #..# ##...## #..#
#..# #....# ##.. #####
#..###.u.## #.. #...#
#..##...## #..
##...###.##...##### #..


You could see a very large slime creature (inner flame) and a slime creature
(inner flame).

Vanquished Creatures
  3 two-headed ogres
  A boulder beetle (D:11)
  A manticore (D:11)
  2 ugly things
  Joseph (D:8)
  Maggie (D:7)
  A gargoyle (D:10)
  2 komodo dragons (D:11)
  A slime creature (D:12)
  Prince Ribbit (D:7)
  2 shadows
  2 wyverns (D:8)
  10 yaks (D:11)
  A steam dragon (D:8)
  Grum (D:9)
  An acid dragon (D:12)
  5 water moccasins
  3 sky beasts
  4 orc warriors
  4 black bears (D:9)
  3 wolves (D:9)
  An ogre (D:5)
  2 centaurs
  A kobold brigand (D:8)
  5 bullfrogs
  A necrophage (D:6)
  3 gnoll sergeants
  2 scorpions (D:9)
  A wight (D:8)
  5 killer bees (D:8)
  2 electric eels (D:8)
  2 howler monkeys (D:12)
  7 hounds
  10 orc priests
  14 orc wizards
  18 gnolls
  8 adders
  2 river rats (D:4)
  A shadow imp (D:5)
  2 white imps
  3 worms
  2 dart slugs
  37 orcs
  A ball python (D:4)
  8 endoplasms
  4 giant cockroaches
  9 goblins
  9 hobgoblins
  6 jackals
  2 quokkas
  4 bats
  5 frilled lizards
  5 kobolds
  6 rats
238 creatures vanquished.

Vanquished Creatures (others)
  An ice beast (D:8)
  19 fungi (D:9)
  23 plants
43 creatures vanquished.

Grand Total: 281 creatures vanquished

Notes
Turn   | Place    | Note
-------+----------+-------------------------------------------
     0 | D:1      | ragingrage the Troll Fighter began the quest for the Orb.
     0 | D:1      | Reached XP level 1. HP: 22/22 MP: 0/0
    89 | D:1      | Reached XP level 2. HP: 29/29 MP: 1/1
   254 | D:1      | Reached skill level 3 in Unarmed Combat
   283 | D:1      | Found a faded altar of an unknown god.
   882 | D:2      | Reached skill level 4 in Unarmed Combat
   882 | D:2      | Reached XP level 3. HP: 36/36 MP: 2/2
  1077 | D:2      | Reached XP level 4. HP: 44/44 MP: 3/3
  1773 | D:3      | Reached skill level 5 in Unarmed Combat
  1854 | D:3      | Found a shadowy altar of Dithmenos.
  1855 | D:3      | Found a white marble altar of Elyvilon.
  2388 | D:4      | Found the +4 robe of Augmentation {Str+4 Int+4 Dex+4}
  2404 | D:4      | Reached XP level 5. HP: 41/50 MP: 4/4
  2909 | D:4      | Reached skill level 6 in Unarmed Combat
  3081 | D:4      | Reached XP level 6. HP: 59/59 MP: 5/5
  3221 | D:5      | Entered Level 5 of the Dungeon
  3322 | D:5      | Reached skill level 7 in Unarmed Combat
  3400 | D:5      | Reached XP level 7. HP: 29/66 MP: 6/6
  3721 | D:5      | Reached skill level 8 in Unarmed Combat
  4123 | D:5      | Noticed Sigmund
  4769 | D:5      | Reached skill level 9 in Unarmed Combat
  4769 | D:5      | Reached XP level 8. HP: 75/75 MP: 7/7
  4957 | D:6      | Found Susonivi's Gadget Gallery.
  4965 | D:6      | Bought a wand of roots (5) for 180 gold pieces
  5021 | D:6      | Found a staircase to the Ecumenical Temple.
  5036 | Temple   | Entered the Ecumenical Temple
  5150 | Temple   | Became a worshipper of Sif Muna the Loreminder
  5533 | D:7      | Noticed Maggie
  5599 | D:7      | Killed Maggie
  5774 | D:7      | Reached skill level 10 in Unarmed Combat
  6001 | D:7      | Noticed Prince Ribbit
  6026 | D:7      | Killed Prince Ribbit
  6255 | D:8      | Reached skill level 5 in Fighting
  6255 | D:8      | Reached XP level 9. HP: 88/88 MP: 8/8
  6304 | D:8      | Reached skill level 11 in Unarmed Combat
  6813 | D:8      | Noticed Joseph
  6818 | D:8      | Reached skill level 12 in Unarmed Combat
  6824 | D:8      | Gained mutation: You are robust. (+10% HP) [potion of
                  | mutation]
  6824 | D:8      | Gained mutation: You are resistant to electric shocks.
                  | (rElec) [potion of mutation]
  6829 | D:8      | Killed Joseph
  6980 | D:8      | Reached * piety under Sif Muna
  7127 | D:8      | Noticed a two-headed ogre
  7417 | D:9      | Reached XP level 10. HP: 96/110 MP: 9/9
  7513 | D:9      | Reached skill level 1 in Throwing
  7519 | D:9      | Reached ** piety under Sif Muna
  7561 | D:9      | Found a staircase to the Lair.
  7622 | D:9      | Noticed Grum
  7627 | D:9      | Reached skill level 13 in Unarmed Combat
  7629 | D:9      | Killed Grum
  7708 | D:9      | Got the Octavo of the Salvo
  7828 | D:9      | You fall into a shaft and drop 2 floors!
  7960 | D:11     | Found a staircase to the Orcish Mines.
  7998 | D:10     | Entered Level 10 of the Dungeon
  8165 | D:10     | Noticed a gargoyle
  8193 | D:11     | Noticed a purple ugly thing
  8203 | D:11     | Killed a purple ugly thing
  8225 | D:11     | Noticed a two-headed ogre
  8230 | D:11     | Killed a two-headed ogre
  8347 | D:11     | Found a transporter.
  8348 | D:11     | Noticed a two-headed ogre
  8348 | D:11     | Noticed ryw's ghost (journeyman DsMo)
  8348 | D:11     | Noticed a two-headed ogre
  8349 | D:11     | Noticed a two-headed ogre
  8349 | D:11     | Noticed a two-headed ogre
  8351 | D:11     | Noticed a two-headed ogre
  8358 | D:11     | Killed a two-headed ogre
  8359 | D:11     | Reached skill level 14 in Unarmed Combat
  8359 | D:11     | Reached XP level 11. HP: 81/119 MP: 10/10
  8498 | D:11     | Found a transporter.
  8906 | D:11     | Noticed a boulder beetle
  8920 | D:11     | Killed a boulder beetle
  8920 | D:11     | Reached *** piety under Sif Muna
  8996 | D:10     | Noticed a two-headed ogre
  9003 | D:10     | Killed a two-headed ogre
  9699 | D:11     | Reached skill level 5 in Throwing
 10027 | D:12     | You fall into a shaft and drop 2 floors!
 10316 | D:12     | Got the Catalogue of Feathers
 10426 | D:12     | Noticed a red ugly thing
 10443 | D:12     | Killed a red ugly thing
 10444 | D:12     | Mangled by a very large slime creature

Illustrated notes

Levels and vault maps discovered:
D:1:      roderic_octagonal_star, layout_rooms,
          hellmonk_ecumenical_altar_run_dry
D:2:      layout_basic
D:3:      layout_basic, gammafunk_temple_overflow_pools
D:4:      layout_basic, portal_sewer_entry_e
D:5:      layout_layer_cave, minivault_23, nicolae_eternal_life, uniq_sigmund
D:6:      layout_basic, minmay_temple_entry_glass, serial_glass,
          glass_columns_a, glass_columns_c, nicolae_shop_gadgets
D:7:      layout_basic, uniq_maggie, uniq_prince_ribbit1
D:8:      layout_gridville, serial_bayou_pond_b, uniq_joseph
D:9:      layout_irregular_city, due_lair_maze_entry_diamond, uniq_grum
D:10:     layout_stronghold, serial_column_ruins, column_ruins_open_small,
          column_ruins_open_medium, column_ruins_open_tiny,
          columned_hall_lemuel, dk_vineyard_3
D:11:     layout_roguey, minmay_orc_entry_temple_small, gammafunk_ghost_smash
D:12:     layout_cave_pods
D:13:     layout_irregular_city, erik_vaults_2, gammafunk_ghost_mausoleum,
          nicolae_hepliaklqana_hippocampus
D:14:     layout_layer_cave, serial_park_tiny_1, grunt_ministairs_8,
          chequers_jeans, nicolae_shop_unique_rings,
          hangedman_abyss_or_decor_passed, uniq_roxanne, uniq_kirke
Temple:   nicolae_temple_slightly_damp_pantheon

Skill      XL: |  1  2  3  4  5  6  7  8  9 10 11 |
---------------+----------------------------------+-----
Unarmed Combat | 4 5 6 7 9 10 12 14 | 14.9
Fighting       | 3 5 6 7 8 |  8.2
Throwing       | 4 5 |  5.4
Dodging        | |  2.4
Shields        | |  2.6

Action                   |  1- 3 |  4- 6 |  7- 9 | 10-12 || total
-------------------------+-------+-------+-------+-------++-------
Melee: Unarmed           |    62 |   174 |   187 |   243 ||   666
Throw: Boomerang         |       |       |    24 |       ||    24
       Stone             |       |       |     3 |     4 ||     7
       Dart              |       |       |       |     2 ||     2
Evoke: Wand              |       |       |     5 |     2 ||     7
  Use: Potion            |       |     2 |     9 |     1 ||    12
       Scroll            |       |       |     5 |     7 ||    12
 Stab: Sleeping          |       |     1 |     1 |       ||     2
Armor: Robe              |    21 |    51 |    23 |       ||    95
       Skin              |       |       |     1 |       ||     1
       Swamp dragon scal |       |       |    38 |    85 ||   123
Dodge: Dodged            |    29 |    56 |    60 |    59 ||   204
Block: Kite shield       |    18 |    61 |    67 |    39 ||   185

Table legend: (Time is in decaauts)
 A = Elapsed time spent in this place.
 B = Non-inter-level travel time spent in this place.
 C = Inter-level travel time spent in this place.
 D = Time resting spent in this place.
 E = Time spent auto-exploring this place.
 F = Levels seen in this place.
 G = Mean time per level.
                   A        B        C        D        E       F      G
               +--------+--------+--------+--------+--------+-----+--------+
         Total |  10426 |   9709 |    717 |    424 |   7291 |  15 |  695.1 |
       Dungeon |  10292 |   9604 |    688 |    424 |   7202 |  14 |  735.1 |
        Temple |    133 |    104 |     29 |      0 |     89 |   1 |  133.0 |
               +--------+--------+--------+--------+--------+-----+--------+

Top non-repeatable levels by time:
     D:5: 1365 daAuts
    D:11: 1153 daAuts
     D:8: 1047 daAuts
     D:2: 1022 daAuts
     D:4: 1001 daAuts
    D:10: 837 daAuts
     D:7: 814 daAuts
     D:3: 812 daAuts
     D:6: 671 daAuts
    D:12: 555 daAuts
     D:9: 483 daAuts
     D:1: 483 daAuts
  Temple: 133 daAuts
    D:14: 35 daAuts
    D:13: 8 daAuts
